 Dungeon Crawl Stone Soup version 0.22-a0-322-g60b3cfd (webtiles) character file.

8 AceErrynx the Sneak (level 2, -2/24 HPs)
             Began as a Draconian Assassin on Apr 4, 2018.
             Slain by a kobold
             ... wielding a cursed -3 short sword
              (4 damage)
             ... on level 1 of the Dungeon.
             The game lasted 00:02:34 (507 turns).

AceErrynx the Sneak (Draconian Assassin)             Turns: 507, Time: 00:02:34

Health: -2/24      AC:  5    Str: 13    XL:     2   Next: 0%
Magic:  2/2        EV: 12    Int: 11    God:
Gold:   43         SH:  0    Dex: 12    Spells: 1/1 levels left

rFire    . . .     SeeInvis .   a - +2 dagger
rCold    . . .     Gourm    .   (no shield)
rNeg     . . .     Faith    .   (armour unavailable)
rPois    .         Spirit   .   (helmet restricted)
rElec    .         Reflect  .   c - +0 cloak
rCorr    .         Harm     .   (no gloves)
MR       .....                  (no boots)
Stlth    ++........             (no amulet)
HPRegen  0.08/turn              (no ring)
MPRegen  0.08/turn              (no ring)

@: no status effects
A: unfitting armour, cold-blooded, AC +4
a: no special abilities


You were on level 1 of the Dungeon.
You were not hungry.

You visited 1 branch of the dungeon, and saw 1 of its levels.

You collected 43 gold pieces.

Inventory:

Hand Weapons
 a - a +2 dagger (weapon)
 b - a +0 blowgun
Missiles
 d - 30 poisoned needles
 e - 2 curare-tipped needles
 i - 28 stones (quivered)
Armour
 c - a +0 cloak (worn)
 g - a +0 robe
Scrolls
 j - a scroll of identify
Potions
 h - 2 potions of heal wounds {unknown}
Comestibles
 f - a ration


   Skills:
 + Level 2.2 Fighting
 + Level 2.0 Short Blades
 + Level 1.7 Throwing
 + Level 1.1 Dodging
 + Level 4.0 Stealth


You had one spell level left.
You didn't know any spells.

Dungeon Overview and Level Annotations

Branches:
Dungeon (1/15)

Altars:


Innate Abilities, Weirdness & Mutations

Your plain brown scales are hard. (AC +4)
You cannot fit into any form of body armour.
You are cold-blooded and may be slowed by cold attacks.


Message History

The kobold closely misses you. The kobold barely misses you.
The kobold closely misses you. The kobold hits you but does no damage.
The kobold barely misses you. The kobold closely misses you.
The kobold hits you with an enchanted short sword.
* * * LOW HITPOINT WARNING * * *
The kobold misses you. The kobold hits you but does no damage.
The kobold closely misses you. The kobold hits you but does no damage.
The kobold barely misses you. The kobold closely misses you.
The kobold hits you with an enchanted short sword.
* * * LOW HITPOINT WARNING * * *
The kobold closely misses you. The kobold barely misses you.
The kobold hits you with an enchanted short sword.
You die...

.########.###########.#########.#
.# #... . #.# ...# .# ##### #.#.#
##>.# .# ?.########.#.# #..# ..
............# #..# .#
#......###.# #..# .# #......+..†#
# #... #......###.#.#
#...K@.†.....# #.###.#.#.#..#
#....#......# ##.#....#.###
.......##.# ###.##### .#
#############.. ..
####...........#### .
#.................####


You could see a kobold.

Vanquished Creatures
  2 hobgoblins (D:1)
  2 bats (D:1)
  A goblin (D:1)
  2 kobolds (D:1)
  A rat (D:1)
8 creatures vanquished.

Notes
Turn   | Place    | Note
-------+----------+-------------------------------------------
     0 | D:1      | AceErrynx the Draconian Assassin began the quest for the Orb.
     0 | D:1      | Reached XP level 1. HP: 17/17 MP: 1/1
   234 | D:1      | Reached skill level 1 in Dodging
   432 | D:1      | Reached skill level 4 in Stealth
   432 | D:1      | Reached XP level 2. HP: 9/24 MP: 2/2
   504 | D:1      | HP: 1/24 [kobold/enchanted short sword (2)]
   507 | D:1      | Slain by a kobold

Vault maps used:
D:1:      dpeg_arrival_circle_labyrinth_c

Skill      XL: |  1 |
---------------+----+-----
Dodging        | 1 |  1.1
Stealth        | 4 |  4.0
Fighting       | |  2.2
Short Blades   | |  2.0
Throwing       | |  1.7

Action                   || total
-------------------------++-------
Melee: Dagger            ||    38
       Tailslap          ||     2
  Use: Scroll            ||     2
Armor: Skin              ||    53
Dodge: Dodged            ||   111

Table legend:
 A = Spawn XP
 B = Non-spawn XP
 C = Spawn XP percentage of total XP
 D = Spawn monster count
 E = Non-spawn monster count
 F = Spawn count percentage of total count
 G = Total turns spent on level
                    A         B        C        D         E        F      G
               +---------+---------+-------+---------+---------+-------+---------
         Total |       0 |      12 |   0.0 |       0 |       8 |   0.0 |   507
               +---------+---------+-------+---------+---------+-------+---------
           D:1 |       0 |      12 |   0.0 |       0 |       8 |   0.0 |   507
               +---------+---------+-------+---------+---------+-------+---------
